 Dungeon Crawl Stone Soup version 0.25.1-8-g42b30a86e7 (webtiles) character file.

Game seed: 5363446271164338052

73 gruber the Chiller (level 4, 0/30 HPs)
             Began as a Demonspawn Ice Elementalist on Dec 20, 2020.
             Killed from afar by an orc wizard (6 damage)
             ... with a puff of flame
             ... on level 3 of the Dungeon.
             The game lasted 00:03:10 (2165 turns).

gruber the Chiller (Demonspawn Ice Elementalist)    Turns: 2165, Time: 00:03:11

Health: 0/30       AC:  6    Str:  8    XL:     4   Next: 8%
Magic:  4/7        EV: 16    Int: 17    God:
Gold:   117        SH:  0    Dex: 14    Spells: 3/7 levels left

rFire    . . .     SeeInvis .   t - +2 short sword (drain)
rCold    . . .     Gourm    .   (no shield)
rNeg     . . .     Faith    .   a - +0 robe
rPois    .         Spirit   .   (no helmet)
rElec    .         Reflect  .   (no cloak)
rCorr    .         Harm     .   j - +0 pair of gloves
MR       .....                  e - +0 pair of boots
Stlth    ++........             i - amulet of regeneration
HPRegen  0.50/turn              d - ring of wizardry
MPRegen  0.10/turn              q - +4 ring of evasion

@: frozen ramparts
A: claws 2, slimy green scales 1
a: no special abilities


You were on level 3 of the Dungeon.
You were not hungry.

You visited 1 branch of the dungeon, and saw 3 of its levels.

You collected 117 gold pieces.

Inventory:

Hand Weapons
 t - a +2 short sword of draining (weapon)
Armour
 a - a +0 robe (worn)
 e - a +0 pair of boots (worn)
 j - a +0 pair of gloves (worn)
Magical Staves
 n - an uncursed staff of poison
Jewellery
 d - a ring of wizardry (left hand)
 i - an amulet of regeneration (around neck)
 q - a +4 ring of evasion (right hand)
Scrolls
 g - a scroll of amnesia {unknown}
 k - a scroll of fog {unknown}
 l - a scroll of enchant armour {unknown}
 m - a scroll of enchant weapon {unknown}
 o - a scroll of remove curse {unknown}
 p - a scroll of fear {unknown}
 u - a scroll of teleportation {unknown}
Potions
 b - 2 potions of heal wounds {unknown}
 h - a potion of curing {unknown}
 r - a potion of might {unknown}
 s - a potion of stabbing {unknown}
Comestibles
 c - 6 rations
 f - 4 chunks of flesh


   Skills:
 - Level 1.7 Dodging
 - Level 1.7 Stealth
 - Level 2.0 Spellcasting
 + Level 5.1 Ice Magic


You had 3 spell levels left.
You knew the following spells:

 Your Spells              Type           Power        Failure   Level  Hunger
a - Freeze                Ice            ###.         1%          1    #......
b - Frozen Ramparts       Ice            ###...       2%          3    ###....

Your spell library contained the following spells:

 Spells                   Type           Power        Failure   Level  Hunger
 Ozocubu's Armour         Chrm/Ice       ##......     9%          3    ###....
 Ignite Poison            Fire/Tmut/Pois #.......     22%         3    ###....
 Hailstorm                Conj/Ice       ##......     26%         4    #####..
 Summon Ice Beast         Ice/Summ       ##......     26%         4    #####..
 Fireball                 Conj/Fire      #.........   88%         5    ######.
 Starburst                Conj/Fire      #.........   100%        6    #######
 Ring of Flames           Chrm/Fire      #.........   100%        7    #######
 Ignition                 Fire           #.........   100%        8    #######


Dungeon Overview and Level Annotations

Branches:
Dungeon (3/15)

Altars:
Cheibriados
Dithmenos
Zin


Innate Abilities, Weirdness & Mutations

You have very sharp fingernails.
You are partially covered in slimy green scales. (AC +2)


Message History

a +0 hunting sling; 11 stones
There are monsters nearby!
There are monsters nearby!
You hit the orc. You drain the orc.
The orc is heavily wounded.
The orc priest mumbles some strange prayers to Beogh against you.
Beogh smites you! The orc misses you.
The orc priest mumbles some strange prayers to Beogh against you.
Beogh smites you!
* * * LOW HITPOINT WARNING * * *
There are monsters nearby!
Casting: Frozen Ramparts (dangerous; 2% risk of failure)
Confirm with . or Enter, or press ? or * to list all spells.
The walls around you are covered in ice.
The wall freezes the orc wizard.
The wall freezes the orc.
The orc completely misses you.
The wall freezes the orc priest.
The wall freezes the orc wizard. x2
The orc wizard points at you and mumbles some strange words.
The puff of flame hits you.
You die...

#. #.# ## #. #.#
.##. ##.## . ...
...## .. ..
#...###### ###.##.
#.........
.....o.######.....#
#.oo@...((((.#
#.#########.## #
#.# #.# ##'##
##...## ##.....##
##.......##
#....)....#


You could see an orc priest, an orc wizard and an orc (drained).

Vanquished Creatures
  2 adders (D:2)
  An ooze (D:2)
  4 leopard geckos (D:1)
  An orc (D:3)
  A ball python (D:1)
  7 bats
  A giant cockroach (D:1)
  5 hobgoblins
  6 kobolds
  6 frilled lizards
  6 goblins
  3 rats (D:1)
43 creatures vanquished.

Notes
Turn   | Place    | Note
-------+----------+-------------------------------------------
     0 | D:1      | gruber the Demonspawn Ice Elementalist began the quest for
                  | the Orb.
     0 | D:1      | Reached XP level 1. HP: 13/13 MP: 3/3
   238 | D:1      | Reached skill level 4 in Ice Magic
   259 | D:1      | Gained mutation: You have sharp fingernails. [demonic
                  | ancestry]
   259 | D:1      | Reached XP level 2. HP: 18/19 MP: 0/5
  1160 | D:2      | Gained mutation: You are partially covered in slimy green
                  | scales. (AC +2) [demonic ancestry]
  1160 | D:2      | Reached XP level 3. HP: 24/24 MP: 4/6
  1361 | D:2      | Found a snail-covered altar of Cheibriados.
  1393 | D:2      | Learned a level 3 spell: Frozen Ramparts
  1640 | D:2      | Found a shadowy altar of Dithmenos.
  1674 | D:2      | Reached skill level 5 in Ice Magic
  1712 | D:2      | Gained mutation: You have very sharp fingernails. [demonic
                  | ancestry]
  1712 | D:2      | Reached XP level 4. HP: 26/30 MP: 3/7
  1816 | D:2      | Found a glowing silver altar of Zin.
  2165 | D:3      | Killed from afar by an orc wizard

Illustrated notes

Levels and vault maps discovered:
D:1:      dpeg_arrival_arbitrary_a, layout_loops_ring
D:2:      layout_loops_corners, grunt_dithmenos_smoke,
          overflow_temple_1_default, lemuel_crystal_altar,
          minmay_misc_feat_secret_circle
D:3:      layout_loops_corners, grunt_temple_overflow_open, bloody_trog

Skill      XL: |  1  2  3 |
---------------+----------+-----
Ice Magic      | 4 5 |  5.1
Dodging        | |  1.7
Stealth        | |  1.7
Spellcasting   | |  2.0

Action                   |  1- 3 |  4- 6 || total
-------------------------+-------+-------++-------
Melee: Unarmed           |    17 |       ||    17
       Staff             |    19 |       ||    19
       Short sword       |    13 |    12 ||    25
 Cast: Freeze            |    35 |       ||    35
       Frozen Ramparts   |     3 |     1 ||     4
 Stab: Sleeping          |     2 |       ||     2
  Eat: Chunk             |     3 |     2 ||     5
Armor: Robe              |    27 |     2 ||    29
Dodge: Dodged            |    66 |    12 ||    78
